 Dungeon Crawl Stone Soup version 0.30.1-9-gdf580d7c3d (webtiles) character file.

Game seed: 17447237722747935527

68 lonewolfV2 the Trooper (level 4, -6/57 HPs)
             Began as a Demonspawn Fighter on Oct 23, 2023.
             Mangled by a gnoll
             ... wielding a +0 halberd
              (8 damage)
             ... on level 2 of the Dungeon.
             The game lasted 00:02:00 (970 turns).

lonewolfV2 the Trooper (Demonspawn Fighter)          Turns: 970, Time: 00:02:01

Health: -6/57      AC:  6    Str: 18    XL:     4   Next: 1%
Magic:  4/4        EV:  9    Int:  9    God:
Gold:   101        SH:  5    Dex: 13    Spells: 3/3 levels left

rFire   . . .        a - +0 war axe
rCold   . . .        c - +1 buckler
rNeg    . . .        b - +0 scale mail
rPois   .            (no helmet)
rElec   .            (no cloak)
rCorr   .            (no gloves)
SInv    .            (no boots)
Will    .....        (no amulet) Stlth
                     (no ring)
HPRegen 0.29/turn    (no ring)
MPRegen 0.09/turn

%: no passive effects
@: berserking (expiring), very quick
A: powered by death 1, demonic magic 1
a: no special abilities


You were on level 2 of the Dungeon.
You visited 1 branch of the dungeon, and saw 2 of its levels.

You collected 101 gold pieces.

Inventory:

Hand Weapons
 a - a +0 war axe (weapon)
Armour
 b - a +0 scale mail (worn)
 c - a +1 buckler (worn)
Potions
 d - a potion of might
 f - a potion of attraction {unknown}
 i - a potion of curing {unknown}
 j - a potion of lignification {unknown}


   Skills:
 + Level 4.9 Fighting
 - Level 1.7 Axes
 - Level 2.6 Armour
 - Level 2.6 Shields


You had 3 spell levels left.
You didn't know any spells.
Your spell library was empty.

Dungeon Overview and Level Annotations

Branches:
Dungeon (2/15)

Altars:


Innate Abilities, Weirdness & Mutations

You regenerate a little health from kills.
Spells you cast may paralyse adjacent enemies.


Message History

You hit the gnoll.
You kill the gnoll!
The gnoll hits you from afar with a +0 halberd.
* * * LOW HITPOINT WARNING * * *
You block the gnoll's attack. The gnoll barely misses you.
A red film seems to cover your vision as you go berserk!
You feel yourself moving faster!
You feel mighty! The gnoll closely misses you. The gnoll barely misses you.
A goblin comes into view. It is wielding a +0 dagger.
The goblin shouts!
You slash the gnoll!
You kill the gnoll!
You have reached level 4!
You feel agile.
Your demonic ancestry asserts itself...
A wave of death washes over you.
You closely miss the adder. The adder bites you.
* * * LOW HITPOINT WARNING * * *
The gnoll closely misses you.
You barely miss the adder. The adder bites you.
* * * LOW HITPOINT WARNING * * *
The gnoll barely misses you. You block the adder's attack.
You barely miss the adder. You block the gnoll's attack.
The adder bites you but does no damage.
You slash the adder!
The adder is severely wounded.
The adder bites you.
* * * LOW HITPOINT WARNING * * *
The gnoll hits you from afar with a +0 halberd!
* * * LOW HITPOINT WARNING * * *
You miss the adder.
The adder is severely wounded.
The adder closely misses you. You block the gnoll's attack.
The adder bites you but does no damage.
You closely miss the adder.
The adder is severely wounded.
The gnoll closely misses you. You block the adder's attack.
You barely miss the adder.
The adder is severely wounded.
The gnoll hits you from afar with a +0 halberd!
You die...

#.>...........#.♣.#
##.####.......#)†.#
#. #.......###.##
#......†###'#######
#.......##...##...##
####'#'††..♣....♣.<#
#.#.###...##...##
#.#.# ##.#######
#@#.# ##.##
..#####S#.# #...#
......gg#.. #.♣.#
........### #...#
...........###>##
'####........###
#.....g..#
#........#
#........#


You could see a gnoll, an adder and a goblin.

Vanquished Creatures
  2 gnolls (D:2)
  A worm (D:2)
  A dart slug (D:1)
  4 ball pythons (D:1)
  A bat (D:1)
  5 endoplasms (D:1)
  4 goblins
  A hobgoblin (D:1)
  6 jackals
  4 kobolds (D:1)
  10 frilled lizards
  2 rats
41 creatures vanquished.

Notes
Turn   | Place    | Note
-------+----------+-------------------------------------------
     0 | D:1      | lonewolfV2 the Demonspawn Fighter began the quest for the
                  | Orb.
     0 | D:1      | Reached XP level 1. HP: 18/18 MP: 1/1
    68 | D:1      | Gained mutation: Spells you cast may paralyse adjacent
                  | enemies. [demonic ancestry]
    68 | D:1      | Reached XP level 2. HP: 22/24 MP: 2/2
   246 | D:1      | Reached skill level 4 in Fighting
   329 | D:1      | Reached XP level 3. HP: 20/30 MP: 3/3
   964 | D:2      | Gained mutation: You regenerate a little health from kills.
                  | [demonic ancestry]
   964 | D:2      | Reached XP level 4. HP: 14/38 MP: 4/4
   967 | D:2      | HP: 1/57 [gnoll/+0 halberd (9)]
   970 | D:2      | Mangled by a gnoll

Illustrated notes

Levels and vault maps discovered:
D:1:      lightli_arrival_lavapool, layout_rooms, minmay_lizard_king
D:2:      layout_basic, grunt_ministairs_5, uniq_crazy_yiuf_cottage

Skill      XL: |  1  2 |
---------------+-------+-----
Fighting       | 4 |  4.9
Axes           | |  1.7
Armour         | |  2.6
Shields        | |  2.6

Action                     |  1- 3 |  4- 6 || total
---------------------------+-------+-------++-------
  Melee: War axe           |   107 |     7 ||   114
    Use: Scroll            |     5 |       ||     5
         Potion            |     1 |       ||     1
 Armour: Scale mail        |    71 |     2 ||    73
  Dodge: Dodged            |    64 |     4 ||    68
  Block: Buckler           |    40 |     4 ||    44
